General information
- name: BNet
- type: Ladder team game (AT/RT)
- host: Battle.net
- saver: MyLiegeCyrus
map: Highperch
- players: 6
- length: 26:45
- speed: Fast
- version: 1.26 W3XP
- replay type:

» download(194 KB)
Players
team 1 (winner)
baby_in_pram (
purple | 134 APM | 2800 actions | 20:50)
3 Archmage
2 Blizzard
1 Brilliance Aura
2 Blood Mage
1 Flame Strike
1 Siphon Mana
» actions
| Assign group hotkey | 152 | |
| Basic commands | 81 | |
| Build / train | 114 | |
| ESC pressed | 7 | |
| Enter build submenu | 85 | |
| Enter hero's abilities submenu | 5 | |
| Give item / drop item | 3 | |
| Right click | 1292 | |
| Select / deselect | 441 | |
| Select group hotkey | 465 | |
| Use ability | 155 | |
2800 total
» units
| Peasant | 25 | |
| Dragonhawk Rider | 3 | |
28 total
» upgrades
| Masonry | 3 | |
| Lumber Harvesting | 2 | |
| Magic Sentry | 1 | |
| Cloud | 1 | |
7 total
» buildings
| Altar of Kings | 1 | |
| Farm | 6 | |
| Lumber Mill | 2 | |
| Scout Tower | 55 | |
| Arcane Tower | 4 | |
| Guard Tower | 47 | |
| Town Hall | 1 | |
| Keep | 3 | |
| Arcane Sanctum | 1 | |
| Arcane Vault | 1 | |
| Gryphon Aviary | 2 | |
| Castle | 2 | |
| Blacksmith | 3 | |
| Barracks | 1 | |
129 total
» build order
00:06 Altar of Kings
00:08 Farm
00:09 Farm
00:13 Farm
01:28 Lumber Mill
01:46 Scout Tower
01:47 Scout Tower
01:52 Scout Tower
02:19 Scout Tower
02:20 Scout Tower
02:21 Arcane Tower
02:21 Arcane Tower
02:45 Scout Tower
02:45 Guard Tower
02:45 Guard Tower
02:45 Guard Tower
02:52 Scout Tower
02:58 Farm
03:05 Guard Tower
03:07 Guard Tower
03:09 Scout Tower
03:09 Scout Tower
03:18 Guard Tower
03:18 Guard Tower
03:19 Guard Tower
03:25 Scout Tower
03:26 Scout Tower
03:36 Scout Tower
03:45 Guard Tower
03:46 Guard Tower
03:53 Guard Tower
03:53 Guard Tower
03:54 Guard Tower
04:08 Scout Tower
04:09 Scout Tower
04:10 Guard Tower
04:10 Guard Tower
04:17 Arcane Tower
04:42 Guard Tower
04:44 Scout Tower
04:45 Scout Tower
04:54 Scout Tower
04:54 Scout Tower
04:55 Guard Tower
04:55 Guard Tower
05:14 Scout Tower
05:15 Scout Tower
05:25 Town Hall
05:26 Guard Tower
05:28 Scout Tower
05:29 Scout Tower
05:32 Scout Tower
05:33 Scout Tower
05:53 Keep
05:54 Keep
05:54 Keep
06:03 Guard Tower
06:15 Guard Tower
06:22 Scout Tower
06:23 Scout Tower
06:26 Scout Tower
06:28 Scout Tower
06:58 Guard Tower
06:58 Guard Tower
07:04 Guard Tower
07:22 Guard Tower
07:22 Guard Tower
07:23 Guard Tower
07:27 Scout Tower
07:28 Scout Tower
07:29 Scout Tower
07:31 Scout Tower
07:42 Farm
08:05 Guard Tower
08:05 Guard Tower
08:28 Scout Tower
08:30 Scout Tower
08:37 Scout Tower
08:39 Scout Tower
08:51 Arcane Sanctum
09:01 Guard Tower
09:01 Guard Tower
09:36 Guard Tower
09:37 Scout Tower
09:37 Scout Tower
09:40 Arcane Vault
10:08 Guard Tower
10:09 Guard Tower
10:22 Gryphon Aviary
10:26 Gryphon Aviary
10:52 Scout Tower
11:12 Lumber Mill
11:42 Scout Tower
11:42 Guard Tower
11:46 Scout Tower
11:47 Scout Tower
11:54 Castle
11:54 Castle
12:02 Farm
12:10 Guard Tower
12:10 Guard Tower
12:14 Scout Tower
12:16 Scout Tower
12:17 Scout Tower
12:28 Scout Tower
12:30 Scout Tower
12:31 Scout Tower
12:32 Scout Tower
12:33 Guard Tower
12:42 Scout Tower
12:42 Scout Tower
12:43 Scout Tower
12:44 Scout Tower
13:03 Blacksmith
13:03 Barracks
13:47 Guard Tower
13:48 Guard Tower
14:31 Guard Tower
16:03 Scout Tower
16:04 Scout Tower
19:16 Blacksmith
19:20 Blacksmith
» items
| Boots of Speed | 1 | |
| Healing Salve | 1 | |
| Lesser Clarity Potion | 1 | |
| Orb of Lightning | 2 | |
| Potion of Mana | 1 | |
6 total
MyLiegeCyrus (
green | 108 APM | 2880 actions | 26:45)
4 Mountain King
2 Storm Bolt
2 Bash
4 Paladin
2 Holy Light
2 Divine Shield
1 Goblin Tinker
1 Pocket Factory
» actions
| Assign group hotkey | 300 | |
| Basic commands | 49 | |
| Build / train | 106 | |
| Enter build submenu | 61 | |
| Enter hero's abilities submenu | 10 | |
| Give item / drop item | 3 | |
| Remove unit from queue | 7 | |
| Right click | 1308 | |
| Select / deselect | 312 | |
| Select group hotkey | 574 | |
| Use ability | 149 | |
2880 total
» units
| Peasant | 24 | |
| Dragonhawk Rider | -2 | |
22 total
» upgrades
| Masonry | 3 | |
| Lumber Harvesting | 2 | |
| Magic Sentry | 1 | |
| Swords | 3 | |
| Armor | 3 | |
| Cloud | 1 | |
| Animal War Training | 1 | |
| Sorceress Training | 2 | |
| Priest Training | 2 | |
| Storm Hammers | 1 | |
19 total
» buildings
| Altar of Kings | 1 | |
| Farm | 11 | |
| Lumber Mill | 1 | |
| Scout Tower | 45 | |
| Arcane Tower | 8 | |
| Guard Tower | 24 | |
| Keep | 1 | |
| Arcane Vault | 1 | |
| Town Hall | 1 | |
| Arcane Sanctum | 1 | |
| Castle | 1 | |
| Gryphon Aviary | 1 | |
| Blacksmith | 1 | |
| Barracks | 1 | |
98 total
» build order
00:10 Altar of Kings
00:26 Farm
00:42 Farm
01:25 Lumber Mill
01:32 Scout Tower
01:37 Farm
01:42 Scout Tower
02:00 Arcane Tower
02:01 Scout Tower
02:19 Scout Tower
02:38 Guard Tower
02:39 Guard Tower
02:49 Guard Tower
02:50 Scout Tower
03:13 Scout Tower
03:22 Guard Tower
03:24 Scout Tower
03:55 Guard Tower
03:56 Scout Tower
04:04 Arcane Tower
04:20 Keep
04:26 Guard Tower
04:28 Scout Tower
04:30 Scout Tower
04:33 Scout Tower
05:00 Guard Tower
05:03 Scout Tower
05:04 Scout Tower
05:26 Guard Tower
05:28 Scout Tower
05:32 Arcane Vault
06:07 Guard Tower
06:08 Scout Tower
06:08 Scout Tower
06:13 Town Hall
06:40 Guard Tower
06:46 Farm
07:23 Guard Tower
07:25 Scout Tower
08:15 Guard Tower
08:16 Scout Tower
08:17 Scout Tower
08:19 Scout Tower
08:39 Arcane Sanctum
08:56 Castle
09:08 Guard Tower
09:11 Scout Tower
09:27 Arcane Tower
09:27 Arcane Tower
09:27 Arcane Tower
09:27 Arcane Tower
09:29 Scout Tower
09:30 Scout Tower
09:57 Scout Tower
09:58 Arcane Tower
10:18 Gryphon Aviary
10:20 Scout Tower
10:21 Scout Tower
10:34 Guard Tower
10:35 Guard Tower
10:45 Scout Tower
10:46 Scout Tower
10:48 Scout Tower
10:49 Scout Tower
11:09 Guard Tower
11:33 Guard Tower
11:35 Scout Tower
11:36 Scout Tower
11:40 Guard Tower
11:47 Blacksmith
11:49 Barracks
12:09 Guard Tower
12:12 Guard Tower
12:12 Guard Tower
12:19 Scout Tower
12:20 Scout Tower
12:20 Scout Tower
12:21 Scout Tower
12:22 Scout Tower
12:23 Scout Tower
12:35 Guard Tower
12:36 Scout Tower
12:37 Scout Tower
15:22 Guard Tower
15:24 Scout Tower
15:24 Scout Tower
15:28 Scout Tower
15:32 Scout Tower
15:32 Scout Tower
15:49 Farm
15:50 Farm
15:50 Farm
15:51 Farm
15:52 Farm
15:52 Farm
19:26 Guard Tower
19:44 Farm
» items
| Healing Salve | 2 | |
| Staff of Teleportation | 3 | |
| Boots of Speed | 2 | |
| Orb of Lightning | 2 | |
| Staff of Sanctuary | 3 | |
12 total
timg5strok (
blue | 89 APM | 2392 actions | 26:43)
5 Blademaster
2 Wind Walk
3 Critical Strike
2 Blood Mage
1 Flame Strike
1 Siphon Mana
1 Archmage
1 Brilliance Aura
» actions
| Assign group hotkey | 26 | |
| Basic commands | 48 | |
| Build / train | 65 | |
| ESC pressed | 4 | |
| Enter build submenu | 19 | |
| Enter hero's abilities submenu | 8 | |
| Give item / drop item | 6 | |
| Right click | 1269 | |
| Select / deselect | 276 | |
| Select group hotkey | 551 | |
| Use ability | 120 | |
2392 total
» units
| Peon | 12 | |
| Troll Batrider | 10 | |
| Kodo Beast | 1 | |
| Raider | 1 | |
| Wind Rider | 4 | |
28 total
» upgrades
| Liquid Fire | 1 | |
| Ranged Weapons | 3 | |
| Reinforced Defenses | 1 | |
| War Drums Damage Increase | 1 | |
| Ensnare | 1 | |
| Shaman Training | 2 | |
| Witch Doctor Training | 1 | |
| Spirit Walker Training | 1 | |
| Envenomed Spears | 1 | |
| Armor | 1 | |
13 total
» buildings
| Altar of Storms | 1 | |
| War Mill | 2 | |
| Orc Burrow | 11 | |
| Voodoo Lounge | 2 | |
| Stronghold | 4 | |
| Beastiary | 2 | |
| Fortress | 1 | |
| Spirit Lodge | 1 | |
24 total
» build order
00:07 Altar of Storms
00:10 War Mill
00:23 Orc Burrow
01:56 War Mill
02:11 Orc Burrow
04:06 Voodoo Lounge
04:09 Voodoo Lounge
04:32 Stronghold
04:33 Stronghold
04:33 Stronghold
06:58 Beastiary
06:59 Beastiary
07:00 Fortress
07:40 Orc Burrow
07:43 Orc Burrow
13:41 Orc Burrow
13:41 Orc Burrow
17:29 Spirit Lodge
19:59 Orc Burrow
20:00 Orc Burrow
20:08 Orc Burrow
20:08 Orc Burrow
20:10 Orc Burrow
» items
| Staff of Teleportation | 1 | |
| Boots of Speed | 1 | |
| Circlet of Nobility | 1 | |
| Healing Salve | 1 | |
| Lesser Clarity Potion | 2 | |
| Orb of Lightning | 1 | |
7 total
team 2 (loser)
Aerelius.Aldos (
red | 57 APM | 1513 actions | 26:43)
5 Archmage
3 Summon Water Elemental
2 Brilliance Aura
» actions
| Assign group hotkey | 21 | |
| Basic commands | 98 | |
| Build / train | 66 | |
| Enter build submenu | 33 | |
| Enter hero's abilities submenu | 5 | |
| Right click | 301 | |
| Select / deselect | 317 | |
| Select group hotkey | 592 | |
| Use ability | 79 | |
1513 total
» units
» upgrades
| Lumber Harvesting | 2 | |
| Barrage | 1 | |
| Flare | 1 | |
| Fragmentation Shards | 1 | |
| Gunpowder | 3 | |
| Plating | 4 | |
12 total
» buildings
| Altar of Kings | 1 | |
| Farm | 18 | |
| Scout Tower | 18 | |
| Lumber Mill | 3 | |
| Arcane Tower | 3 | |
| Guard Tower | 7 | |
| Keep | 1 | |
| Town Hall | 1 | |
| Arcane Vault | 1 | |
| Castle | 2 | |
| Blacksmith | 1 | |
| Workshop | 4 | |
60 total
» build order
00:29 Altar of Kings
00:33 Farm
01:48 Scout Tower
01:52 Lumber Mill
02:20 Farm
02:23 Scout Tower
02:26 Farm
02:29 Scout Tower
02:55 Arcane Tower
03:10 Guard Tower
03:43 Scout Tower
03:44 Scout Tower
03:45 Scout Tower
03:58 Scout Tower
04:05 Scout Tower
04:06 Scout Tower
04:07 Scout Tower
04:31 Keep
04:59 Guard Tower
05:07 Town Hall
05:08 Scout Tower
05:09 Scout Tower
05:10 Scout Tower
05:12 Scout Tower
05:26 Guard Tower
05:35 Scout Tower
05:37 Scout Tower
05:41 Arcane Vault
05:55 Arcane Tower
05:57 Guard Tower
06:07 Scout Tower
06:08 Scout Tower
06:30 Arcane Tower
06:44 Guard Tower
07:09 Guard Tower
07:43 Guard Tower
08:16 Castle
08:16 Castle
08:35 Blacksmith
09:48 Workshop
09:50 Workshop
09:52 Workshop
09:55 Workshop
10:10 Farm
10:12 Farm
10:15 Farm
10:17 Farm
10:18 Farm
10:19 Farm
10:20 Farm
11:28 Lumber Mill
12:16 Farm
12:17 Farm
12:17 Farm
12:18 Farm
12:18 Farm
12:19 Farm
12:20 Farm
20:24 Farm
20:34 Lumber Mill
» items
| Boots of Speed | 1 | |
| Potion of Lesser Invulnerability | 1 | |
| Scroll of Town Portal | 2 | |
| Potion of Healing | 1 | |
5 total
BRADZZZZ (
orange | 50 APM | 1005 actions | 20:01)
5 Archmage
3 Summon Water Elemental
1 Brilliance Aura
1 Blizzard
» actions
| Assign group hotkey | 18 | |
| Basic commands | 5 | |
| Build / train | 48 | |
| Enter build submenu | 30 | |
| Enter hero's abilities submenu | 5 | |
| Right click | 356 | |
| Select / deselect | 159 | |
| Select group hotkey | 332 | |
| Use ability | 52 | |
1005 total
» units
» upgrades
| Masonry | 2 | |
| Lumber Harvesting | 2 | |
4 total
» buildings
| Altar of Kings | 1 | |
| Farm | 10 | |
| Lumber Mill | 1 | |
| Scout Tower | 14 | |
| Guard Tower | 12 | |
| Keep | 1 | |
| Arcane Tower | 1 | |
| Castle | 1 | |
| Gryphon Aviary | 3 | |
| Blacksmith | 1 | |
| Arcane Vault | 1 | |
46 total
» build order
00:09 Altar of Kings
00:19 Farm
01:22 Lumber Mill
01:52 Farm
02:49 Scout Tower
03:16 Guard Tower
03:20 Scout Tower
03:24 Keep
03:45 Farm
03:47 Farm
03:56 Guard Tower
04:01 Scout Tower
04:03 Scout Tower
04:31 Arcane Tower
04:37 Scout Tower
05:20 Guard Tower
05:24 Scout Tower
05:27 Scout Tower
05:29 Scout Tower
05:32 Guard Tower
06:04 Guard Tower
06:22 Castle
06:28 Gryphon Aviary
06:30 Gryphon Aviary
06:31 Gryphon Aviary
06:43 Guard Tower
06:56 Scout Tower
06:58 Guard Tower
07:32 Guard Tower
08:02 Scout Tower
08:04 Scout Tower
08:53 Farm
08:55 Farm
09:34 Guard Tower
10:11 Farm
10:12 Farm
10:44 Blacksmith
11:41 Scout Tower
11:42 Scout Tower
12:15 Farm
12:17 Farm
12:36 Guard Tower
13:07 Guard Tower
13:09 Scout Tower
13:55 Guard Tower
16:00 Arcane Vault
» items
| Potion of Healing | 1 | |
| Tome of Retraining | 1 | |
2 total
PATRIOTIC (
teal | 139 APM | 3397 actions | 24:27)
4 Priestess of the Moon
2 Trueshot Aura
2 Searing Arrows
1 Paladin
1 Holy Light
» actions
| Assign group hotkey | 58 | |
| Build / train | 88 | |
| Enter build submenu | 21 | |
| Enter hero's abilities submenu | 5 | |
| Remove unit from queue | 3 | |
| Right click | 1832 | |
| Select / deselect | 611 | |
| Select group hotkey | 700 | |
| Use ability | 79 | |
3397 total
» units
| Wisp | 25 | |
| Archer | 7 | |
| Huntress | 4 | |
| Razormane Medicine Man | 2 | |
| Glaive Thrower | 6 | |
| Druid of the Claw | 9 | |
| Hippogryph | 2 | |
| Druid of the Talon | 5 | |
| Mountain Giant | 1 | |
| Gryphon Rider | 1 | |
62 total
» upgrades
| Moon Armor | 1 | |
| Improved Bows | 1 | |
| Strength of the Moon | 1 | |
| Druid of the Claw Training | 2 | |
| Vorpal Blades | 1 | |
| Storm Hammers | 1 | |
7 total
» buildings
| Altar of Elders | 1 | |
| Moon Well | 7 | |
| Ancient of War | 2 | |
| Hunter's Hall | 1 | |
| Ancient of Wonders | 1 | |
| Tree of Life | 3 | |
| Tree of Ages | 1 | |
| Ancient of Lore | 2 | |
| Ancient of Wind | 1 | |
| Ancient Protector | 1 | |
| Tree of Eternity | 1 | |
21 total
» build order
00:08 Altar of Elders
00:19 Moon Well
00:39 Ancient of War
01:53 Moon Well
02:30 Hunter's Hall
02:56 Ancient of War
02:59 Ancient of Wonders
04:00 Moon Well
05:56 Tree of Life
06:21 Tree of Ages
06:56 Moon Well
07:42 Moon Well
09:25 Ancient of Lore
10:17 Ancient of Wind
12:08 Moon Well
12:17 Ancient Protector
12:49 Tree of Life
13:18 Tree of Life
18:46 Tree of Eternity
18:51 Ancient of Lore
18:56 Moon Well
» items
| Circlet of Nobility | 1 | |
| Scroll of Regeneration | 2 | |
| Potion of Healing | 2 | |
5 total
Chat log
(01:11 / All) timg5strok: hi gg gl
(01:15 / All) Aerelius.Aldos: have fun
(12:43 / All) Aerelius.Aldos: ^^
(13:38 / All) BRADZZZZ: nice hack noobs
(13:43 / All) MyLiegeCyrus: check replay
(13:46 / All) MyLiegeCyrus: www.highper.ch
(13:47 / All) MyLiegeCyrus: no hacks
(13:51 / All) BRADZZZZ: i seen u do it
(13:54 / All) MyLiegeCyrus: nope
(13:58 / All) MyLiegeCyrus: you saw us have vision
(14:00 / All) MyLiegeCyrus: www.highper.ch
(14:01 / All) BRADZZZZ: had heroes waiting
(14:04 / All) MyLiegeCyrus: because we saw
(14:05 / All) MyLiegeCyrus: check replay
(14:09 / All) MyLiegeCyrus: www.highper.ch
(14:10 / All) BRADZZZZ: fucking faggit
(14:22 / All) MyLiegeCyrus: no hacks
(14:23 / All) MyLiegeCyrus: fair play
(16:30 / All) MyLiegeCyrus: another nice try
(16:31 / All) MyLiegeCyrus: but nope
(16:43 / All) MyLiegeCyrus: whatever happens, remember
(16:45 / All) MyLiegeCyrus: we don't hack
(16:47 / All) MyLiegeCyrus: www.highper.ch
(17:54 / All) MyLiegeCyrus: brad
(17:56 / All) MyLiegeCyrus: your gryphons
(17:59 / All) MyLiegeCyrus: they are dying
(18:01 / All) Aerelius.Aldos: hes feeding:D
(18:07 / All) Aerelius.Aldos: let him
(18:09 / All) Aerelius.Aldos: he noob
(18:09 / All) BRADZZZZ: fucking ally ran off
(18:11 / All) Aerelius.Aldos: he knows it
(18:56 / All) Aerelius.Aldos: tinker
(18:57 / All) Aerelius.Aldos: xd
(19:00 / All) MyLiegeCyrus: stun
(19:01 / All) MyLiegeCyrus: owns
(19:03 / All) MyLiegeCyrus: nab
(19:06 / All) Aerelius.Aldos: lol
(20:04 / All) Aerelius.Aldos: LOL
(22:11 / All) Aerelius.Aldos: treing soo hard
(22:12 / All) Aerelius.Aldos: xd
(22:18 / All) Aerelius.Aldos: 2 drink my beer
(23:15 / All) Aerelius.Aldos: hi
(23:18 / All) Aerelius.Aldos: Xd
(23:40 / All) Aerelius.Aldos: just a few tanks
(23:42 / All) Aerelius.Aldos: Xd
(24:35 / All) Aerelius.Aldos: lol
(24:41 / All) Aerelius.Aldos: he just got tier 3:D
(24:51 / All) MyLiegeCyrus: lol you are boring
(24:59 / All) Aerelius.Aldos: urself u mean
(25:42 / All) MyLiegeCyrus: another fine game by clan towa
(25:45 / All) MyLiegeCyrus: www.highper.ch
(25:46 / All) MyLiegeCyrus: 0 hacks
(26:40 / All) Aerelius.Aldos: nab game:D